 Seeded DCSS version 0.31-a0-521-gc7390f8997 (webtiles) character file.

Game seed: 17143295287354701534 (custom seed)

4178 innerfire43 the Grappler (level 10, -4/76 HPs)
             Began as a Gnoll Shapeshifter on Aug 10, 2023.
             Was a Believer of Okawaru.
             Slain by an ice beast (15 damage)
             ... on level 8 of the Dungeon.
             The game lasted 00:09:52 (8050 turns).

innerfire43 the Grappler (Gnoll Shapeshifter)       Turns: 8050, Time: 00:09:52

Health: -4/76      AC:  6    Str: 19    XL:     10   Next: 28%
Magic:  17/17      EV: 20    Int:  4    God:    Okawaru [**....]
Gold:   442        SH:  5    Dex: 15    Spells: 19/19 levels left

rFire   . .          .
                       - Unarmed
rCold   x . .        (shield currently unavailable)
rNeg    . . .        a - +0 animal skin
rPois   +            F - +2 helmet
rElec   +            v - +0 cloak
rCorr   +            (no gloves)
SInv    .            (no boots)
Will    +....        l - amulet of Ciwai {Reflect Will+ rCorr Str+3 Int-4 SH+5}
Stlth   +            q - ring of Tomorrow {Fly rElec rC- EV+5}
HPRegen 0.32/turn    y - ring of poison resistance
MPRegen 0.15/turn

%: reflection
@: lethally poisoned (-4 -> -6), flux-form, flying, glowing
A: glow, contaminating, fangs 1, strong nose, distributed training
a: Begin Untransformation, Renounce Religion, Heroism


You were on level 8 of the Dungeon.
You worshipped Okawaru.
Okawaru was pleased with you.
You were something dangerously unstable.
You visited 2 branches of the dungeon, and saw 9 of its levels.

You collected 442 gold pieces.

Inventory:

Missiles
 k - 2 throwing nets
Armour
 a - a +0 animal skin (worn)
 v - a +0 cloak (worn)
 F - a +2 helmet (worn)
Jewellery
 l - the amulet of Ciwai (around neck) {Reflect Will+ rCorr Str+3 Int-4 SH+5}
   (You acquired it on level 3 of the Dungeon)

   [amulet of reflection]

   Reflect:   It reflects blocked missile attacks.
   Str+3:     It affects your strength (+3).
   Int-4:     It affects your intelligence (-4).
   Will+:     It increases your willpower.
   rCorr:     It protects you from acid and corrosion.
   SH+5:      It affects your SH (+5).
 q - the ring of Tomorrow (left hand) {Fly rElec rC- EV+5}
   (You found it on level 3 of the Dungeon)

   [ring of evasion]

   EV+5:      It affects your evasion (+5).
   rC-:       It makes you vulnerable to cold.
   rElec:     It insulates you from electricity.
   Fly:       It grants you flight.
 x - a ring of wizardry
 y - a ring of poison resistance (right hand)
 A - a +6 ring of intelligence
 G - a ring of resist corrosion
 H - a ring of magical power
Talismans
 c - a beast talisman
 d - a flux talisman (active)
Wands
 n - a wand of mindburst (19)
 t - a wand of charming (10)
Scrolls
 e - 7 scrolls of teleportation {unknown}
 f - a scroll of torment {unknown}
 h - 3 scrolls of blinking
 i - 2 scrolls of enchant armour {unknown}
 m - 3 scrolls of noise {unknown}
 s - a scroll of amnesia {unknown}
 u - a scroll of immolation {unknown}
 w - 4 scrolls of fog {unknown}
 z - a scroll of vulnerability {unknown}
 B - 3 scrolls of poison {unknown}
 E - a scroll of brand weapon {unknown}
Potions
 b - 2 potions of lignification
 g - 2 potions of ambrosia
 j - 2 potions of attraction
 o - 4 potions of haste {unknown}
 p - a potion of enlightenment
 r - a potion of heal wounds
 C - 2 potions of curing {unknown}
 D - 2 potions of brilliance {unknown}


   Skills:
 + Level 5.9 Fighting
 + Level 5.2 Short Blades
 + Level 5.2 Long Blades
 + Level 5.2 Axes
 + Level 5.2 Maces & Flails
 + Level 5.2 Polearms
 + Level 5.2 Staves
 + Level 5.2 Ranged Weapons
 + Level 5.2 Throwing
 + Level 5.2 Armour
 + Level 7.0 Dodging
 + Level 5.2 Stealth
 + Level 5.2 Shields
 + Level 8.5 Unarmed Combat
 + Level 5.2 Spellcasting
 + Level 4.3 Conjurations
 + Level 4.3 Hexes
 + Level 4.3 Summonings
 + Level 4.3 Necromancy
 + Level 4.3 Translocations
 + Level 4.3 Transmutations
 + Level 4.3 Fire Magic
 + Level 4.3 Ice Magic
 + Level 4.3 Air Magic
 + Level 4.3 Earth Magic
 + Level 4.3 Poison Magic
 + Level 5.7 Invocations
 + Level 5.2 Evocations
 + Level 7.9 Shapeshifting


You had 19 spell levels left.
You didn't know any spells.
Your spell library contained the following spells:

 Spells                   Type           Power      Damage    Failure   Level
 Cigotuvi's Dreadful Rot  Necr/Pois/Air  8%         N/A       9%          2
 Ignite Poison            Fire/Tmut/Pois 4%         N/A       17%         3
 Dispel Undead            Necr           4%         3d7       50%         4
 Freezing Cloud           Conj/Ice/Air   2%         6-21      85%         5
 Death Channel            Necr           Unusable   N/A       N/A         6

Dungeon Overview and Level Annotations

Branches:
Dungeon (8/15)             Temple (1/1) D:4
   Lair: D:8-11

Altars:
Ashenzari
Cheibriados
Dithmenos
Fedhas
Gozag
Hepliaklqana
Kikubaaqudgha
Makhleb
Nemelex Xobeh
Okawaru
Ru
Sif Muna
Trog
Uskayaw
Vehumet
Wu Jian
Xom
Yredelemnul
Zin
The Shining One
Lugonu

Portals:
Abyss: D:1


Innate Abilities, Weirdness & Mutations

You are something dangerously unstable.
You glow with magical radiation, making you easy to see and hit.
Foes you strike become dangerously contaminated with magical radiation.
You are incapable of wielding weapons or throwing items.
You have very sharp teeth.
Your uncanny sense of smell can sniff out nearby items.
Your experience applies equally to all skills.


Message History

The orc warrior hits you with a +0 trident.
You hit the killer bee.
The killer bee glows dangerously bright.
The killer bee is heavily wounded.
You feel like a meek peon again.
You feel sick. The killer bee misses you.
The killer bee stings you but does no damage.
The hornet completely misses you. The killer bee closely misses you. x2
The orc warrior closely misses you.
You barely miss the killer bee.
The killer bee is heavily wounded.
You feel sick. The killer bee completely misses you.
The killer bee closely misses you. The hornet closely misses you.
The killer bee completely misses you. The killer bee barely misses you.
The orc warrior closely misses you.
Unknown command.
You hit the killer bee.
The killer bee shudders as magic cascades through it.
The killer bee twists and deforms.
The killer bee is almost dead.
You feel sick. The hornet stings you. The killer bee closely misses you.
You block the killer bee's attack. The hornet misses you.
Unknown command.
You hit the killer bee.
You kill the killer bee!
Okawaru accepts your kill. The killer bee completely misses you.
You block the orc warrior's attack. The hornet misses you.
The killer bee stings you but does no damage.
You closely miss the hornet.
You feel sick. The killer bee misses you. The hornet completely misses you.
You block the orc warrior's attack. The ice beast hits you.
The ice beast freezes you!
You feel a terrible chill!
* * * LOW HITPOINT WARNING * * *
Unknown command.
You miss the hornet.
You feel sick. The killer bee misses you. The hornet misses you.
The killer bee closely misses you. The ice beast hits you.
* * * LOW HITPOINT WARNING * * *
The ice beast freezes you!
You feel a terrible chill!
You die...

#...............#.####.#####
#.########.####.#.#.........
#......#.#.#.#####.
##....##†)...# #.
#......#...### #.
#..........# #.
#.#........########
#yy..#.....<.......
#YB..#....#####..##
.......o†.......# #....
##...##>######.## ##### #..
... #. #. .... .. # .....Y
... ....... .........


You could see a hornet, an orc warrior, an ice beast and a killer bee.

Vanquished Creatures
  Prince Ribbit (D:5)
  Edmund (D:6)
  3 water moccasins
  2 ice beasts (D:6)
  2 orc warriors (D:8)
  2 sky beasts
  3 black bears
  2 ogres
  A centaur (D:7)
  A phantom (D:5)
  A kobold brigand (D:6)
  2 bullfrogs
  6 scorpions
  13 wights (D:7)
  4 killer bees (D:8)
  5 howler monkeys
  2 crimson imps (D:1)
  A quasit (D:1)
  2 jellies
  Crazy Yiuf (D:3)
  5 hounds
  An orc priest (D:8)
  An iguana (D:4)
  An iron imp (D:1)
  A sleepcap (D:5)
  Ijyb (D:3)
  3 orc wizards (D:8)
  3 gnolls (D:7)
  7 adders
  7 shadow imps
  5 white imps
  2 ufetubi
  A worm (D:3)
  17 orcs
  3 ball pythons
  4 endoplasms
  2 giant cockroaches (D:1)
  5 goblins
  9 hobgoblins
  4 jackals (D:5)
  7 quokkas
  4 bats (D:1)
  4 frilled lizards
  11 kobolds
  6 rats
169 creatures vanquished.

Notes
Turn   | Place    | Note
-------+----------+-------------------------------------------
     0 | D:1      | innerfire43 the Gnoll Shapeshifter began the quest for the
                  | Orb.
     0 | D:1      | Reached XP level 1. HP: 17/17 MP: 1/1
   113 | D:1      | Found a large runed translucent door.
   113 | D:1      | Found a large runed translucent door.
   113 | D:1      | Found a one-way gate to the infinite horrors of the Abyss.
   114 | D:1      | Noticed a crimson imp
   115 | D:1      | Found a corrupted altar of Lugonu.
   115 | D:1      | Noticed an iron imp
   115 | D:1      | Noticed a quasit
   115 | D:1      | Noticed a crimson imp
   285 | D:1      | Reached XP level 2. HP: 19/23 MP: 2/2
   723 | D:1      | Reached XP level 3. HP: 28/28 MP: 3/3
  1019 | D:1      | Reached skill level 1 in Short Blades
  1019 | D:1      | Reached skill level 1 in Long Blades
  1019 | D:1      | Reached skill level 1 in Axes
  1019 | D:1      | Reached skill level 1 in Maces & Flails
  1019 | D:1      | Reached skill level 1 in Polearms
  1019 | D:1      | Reached skill level 1 in Staves
  1019 | D:1      | Reached skill level 1 in Ranged Weapons
  1019 | D:1      | Reached skill level 1 in Throwing
  1019 | D:1      | Reached skill level 1 in Armour
  1019 | D:1      | Reached skill level 1 in Stealth
  1019 | D:1      | Reached skill level 1 in Shields
  1019 | D:1      | Reached skill level 1 in Spellcasting
  1019 | D:1      | Reached skill level 1 in Invocations
  1019 | D:1      | Reached skill level 1 in Evocations
  1023 | D:1      | Reached XP level 4. HP: 33/34 MP: 3/5
  1033 | D:1      | Reached skill level 1 in Conjurations
  1033 | D:1      | Reached skill level 1 in Hexes
  1033 | D:1      | Reached skill level 1 in Summonings
  1033 | D:1      | Reached skill level 1 in Necromancy
  1033 | D:1      | Reached skill level 1 in Translocations
  1033 | D:1      | Reached skill level 1 in Transmutations
  1033 | D:1      | Reached skill level 1 in Fire Magic
  1033 | D:1      | Reached skill level 1 in Ice Magic
  1033 | D:1      | Reached skill level 1 in Air Magic
  1033 | D:1      | Reached skill level 1 in Earth Magic
  1033 | D:1      | Reached skill level 1 in Poison Magic
  1041 | D:1      | Reached XP level 5. HP: 24/40 MP: 4/7
  1257 | D:2      | Reached XP level 6. HP: 25/47 MP: 8/8
  1374 | D:2      | Found a burning altar of Makhleb.
  2413 | D:3      | Found a runed translucent door.
  2414 | D:3      | Noticed Crazy Yiuf
  2631 | D:3      | Identified the ring of Tomorrow {Fly rElec rC- EV+5}
  2679 | D:3      | Found a burning altar of Makhleb.
  2810 | D:3      | Noticed Ijyb
  2814 | D:3      | Killed Ijyb
  2815 | D:3      | Reached skill level 5 in Dodging
  3062 | D:3      | Killed Crazy Yiuf
  3072 | D:3      | Identified a scroll of acquirement
  3072 | D:3      | Acquired the amulet of Ciwai {Reflect Will+ rCorr Str+3
                  | Int-4 SH+5}
  3190 | D:4      | Found a sacrificial altar of Ru.
  3416 | D:4      | Reached XP level 7. HP: 52/52 MP: 10/10
  3566 | D:4      | Reached skill level 7 in Unarmed Combat
  3938 | D:4      | Found a staircase to the Ecumenical Temple.
  3955 | Temple   | Entered the Ecumenical Temple
  4090 | D:4      | Found an ancient bone altar of Kikubaaqudgha.
  4090 | D:4      | Found a glowing golden altar of the Shining One.
  4159 | D:5      | Entered Level 5 of the Dungeon
  4501 | D:5      | Reached XP level 8. HP: 53/60 MP: 12/12
  4836 | D:5      | Noticed Prince Ribbit
  4863 | D:5      | Killed Prince Ribbit
  5192 | D:6      | Noticed Edmund
  5208 | D:6      | Killed Edmund
  5416 | D:6      | Reached XP level 9. HP: 33/66 MP: 14/14
  5538 | D:6      | Found a broken altar of Ashenzari.
  5855 | D:6      | Found an iron altar of Okawaru.
  5946 | D:6      | Became a worshipper of Warmaster Okawaru
  6051 | D:6      | Reached skill level 5 in Fighting
  6381 | D:7      | Reached * piety under Okawaru
  6382 | D:7      | Reached skill level 8 in Unarmed Combat
  6506 | D:7      | Reached skill level 5 in Invocations
  7127 | D:7      | Reached ** piety under Okawaru
  7128 | D:7      | Reached XP level 10. HP: 75/75 MP: 17/17
  7768 | D:8      | Reached skill level 5 in Short Blades
  7768 | D:8      | Reached skill level 5 in Long Blades
  7768 | D:8      | Reached skill level 5 in Axes
  7768 | D:8      | Reached skill level 5 in Maces & Flails
  7768 | D:8      | Reached skill level 5 in Polearms
  7768 | D:8      | Reached skill level 5 in Staves
  7768 | D:8      | Reached skill level 5 in Ranged Weapons
  7768 | D:8      | Reached skill level 5 in Throwing
  7768 | D:8      | Reached skill level 5 in Armour
  7768 | D:8      | Reached skill level 5 in Stealth
  7768 | D:8      | Reached skill level 5 in Shields
  7768 | D:8      | Reached skill level 5 in Spellcasting
  7768 | D:8      | Reached skill level 5 in Evocations
  8050 | D:8      | Slain by an ice beast

Illustrated notes

Levels and vault maps discovered:
D:1:      erik_arrival_cave_to_civilisation [erik_arrival_cave_to_temple],
          layout_basic, roderic_lattice_a, minmay_indecisive_spiral
D:2:      layout_basic, basic_altar
D:3:      layout_basic, amcnicky_altar_gilded, uniq_ijyb,
          uniq_crazy_yiuf_cottage
D:4:      kb_forest_paths, layout_gridville, nicolae_ru_awakened_eye,
          mainiacjoe_overflow_divided_tiny, temple_fountains
D:5:      layout_basic, uniq_prince_ribbit1
D:6:      layout_loops_cross, marbit_many_paths, lemuel_doored_altar,
          uniq_edmund
D:7:      layout_basic
D:8:      nzn_winding_woodlands_cross [nzn_winding_woodlands_5x15_lazy_stream,
          nzn_winding_woodlands_5x15_longhouse,
          nzn_winding_woodlands_5x15_default, nzn_winding_woodlands_5x15_cabin,
          nzn_winding_woodlands_15x15_boxy_spiral], layout_basic
Temple:   eino_temple_lava

Skill      XL: |  1  2  3  4  5  6  7  8  9 10 |
---------------+-------------------------------+-----
Short Blades   | 1 2 3 4 5 |  5.2
Long Blades    | 1 2 3 4 5 |  5.2
Axes           | 1 2 3 4 5 |  5.2
Maces & Flails | 1 2 3 4 5 |  5.2
Polearms       | 1 2 3 4 5 |  5.2
Staves         | 1 2 3 4 5 |  5.2
Ranged Weapons | 1 2 3 4 5 |  5.2
Throwing       | 1 2 3 4 5 |  5.2
Armour         | 1 2 3 4 5 |  5.2
Stealth        | 1 2 3 4 5 |  5.2
Shields        | 1 2 3 4 5 |  5.2
Spellcasting   | 1 2 3 4 5 |  5.2
Invocations    | 1 2 3 4 5 |  5.7
Evocations     | 1 2 3 4 5 |  5.2
Conjurations   | 1 2 3 4 |  4.3
Hexes          | 1 2 3 4 |  4.3
Summonings     | 1 2 3 4 |  4.3
Necromancy     | 1 2 3 4 |  4.3
Translocations | 1 2 3 4 |  4.3
Transmutations | 1 2 3 4 |  4.3
Fire Magic     | 1 2 3 4 |  4.3
Ice Magic      | 1 2 3 4 |  4.3
Air Magic      | 1 2 3 4 |  4.3
Earth Magic    | 1 2 3 4 |  4.3
Poison Magic   | 1 2 3 4 |  4.3
Fighting       | 3 4 5 |  5.9
Dodging        | 5 6 7 |  7.0
Unarmed Combat | 7 8 |  8.5
Shapeshifting  | 7 |  7.9

Action                     |  1- 3 |  4- 6 |  7- 9 | 10-12 || total
---------------------------+-------+-------+-------+-------++-------
  Melee: Unarmed           |    50 |   162 |   295 |   136 ||   643
         Bite              |     3 |    12 |    36 |    22 ||    73
 Invoke: Heroism           |       |       |       |     1 ||     1
    Use: Scroll            |       |     3 |     4 |       ||     7
   Stab: Sleeping          |     1 |       |     2 |     1 ||     4
 Armour: Animal skin       |     9 |    21 |    20 |    17 ||    67
  Dodge: Dodged            |    42 |    83 |   211 |   172 ||   508
  Block: Other             |       |     1 |    59 |    49 ||   109
         Reflection        |       |       |     1 |     1 ||     2
   Form: Flux              |     1 |       |       |       ||     1

Table legend: (Time is in decaauts)
 A = Elapsed time spent in this place.
 B = Non-inter-level travel time spent in this place.
 C = Inter-level travel time spent in this place.
 D = Time resting spent in this place.
 E = Time spent auto-exploring this place.
 F = Levels seen in this place.
 G = Mean time per level.
                   A        B        C        D        E       F      G
               +--------+--------+--------+--------+--------+-----+--------+
         Total |   7958 |   7651 |    307 |      0 |   6471 |   9 |  884.2 |
       Dungeon |   7876 |   7605 |    271 |      0 |   6471 |   8 |  984.5 |
        Temple |     81 |     45 |     36 |      0 |      0 |   1 |   81.0 |
               +--------+--------+--------+--------+--------+-----+--------+

Top non-repeatable levels by time:
     D:7: 1425 daAuts
     D:1: 1197 daAuts
     D:6: 1115 daAuts
     D:2: 1085 daAuts
     D:5: 1013 daAuts
     D:4: 950 daAuts
     D:3: 812 daAuts
     D:8: 276 daAuts
  Temple: 81 daAuts
